Map: Kairos Junction LE

Players

Nerchio - Winner!

  • Race: Zerg Zerg
  • Spawn Location: 11:00

ButAlways

  • Race: Protoss Protoss
  • Spawn Location: 5:00

Event: 2019 WCS Summer

VOD

Have the link to the VOD?

Description

Time

  • Played on: July 12, 2019, 2:29 p.m.
  • Length: 13:04

All games in this series

Show
View Real Time Build Order
Export as new Build Order

Nerchio Zerg - Winner!

Build Orders: Pool First 

Get SALT Encoding   

  12  0:00  Drone  
  13  0:12  Overlord  
  13  0:16  Drone  
  14  0:30  Drone x2  
  14  0:34  Drone  
  17  0:45  Drone, Extractor  
  17  0:49  Spawning Pool  
  16  0:55  Drone  
  17  1:07  Drone  
  18  1:24  Hatchery  
  17  1:35  Queen  
  17  1:36  Zergling x4  
  21  1:45  Metabolic Boost  
  21  1:51  Overlord  
  21  1:54  Drone  
  22  2:09  Drone  
  22  2:11  Drone, Queen  
  26  2:21  Drone  
  26  2:34  Drone  
  27  2:38  Drone  
  27  2:42  Hatchery  
  27  2:44  Drone  
  27  2:47  Drone  
  29  2:51  Drone  
  29  2:52  Drone  
  31  2:58  Overlord  
  31  3:01  Drone  
  31  3:03  Drone  
  33  3:15  Queen  
  33  3:17  Drone  
  33  3:18  Drone  
  37  3:20  Drone x2  
  37  3:24  Drone x2  
  41  3:31  Overlord  
  41  3:36  Drone  
  41  3:40  Roach Warren  
  41  3:41  Overlord  
  41  3:44  Overlord  
  41  3:51  Queen  
  43  3:57  Zergling x2  
  43  3:58  Zergling x6  
  47  4:14  Drone x3  
  47  4:15  Drone x2  
  47  4:17  Drone  
  53  4:21  Overlord  
  53  4:29  Extractor  
  53  4:30  Extractor  
  53  4:31  Roach x4  
  53  4:32  Roach  
  53  4:34  Roach  
  64  4:41  Roach x2  
  64  4:45  Roach x3  
  73  4:48  Overlord  
  73  4:50  Overlord  
  73  4:54  Overlord  
  72  5:08  Roach x3  
  64  5:18  Zergling x8  
  57  5:23  Zergling x4  
  57  5:24  Zergling x2  
  57  5:28  Zergling x4  
  56  5:29  Zergling x2, Queen  
  56  5:32  Zergling x2  
  60  5:39  Roach x2  
  60  5:41  Roach  
  65  5:47  Roach  
  67  5:53  Roach  
  65  6:00  Zergling x4, Queen  
  65  6:02  Queen  
  71  6:08  Zergling x4  
  71  6:09  Zergling x2  
  74  6:15  Zergling x2  
  74  6:16  Zergling x4  
  75  6:28  Zergling x4  
  75  6:29  Zergling x4  
  72  6:37  Zergling x4  
  72  6:38  Queen  
  73  6:40  Zergling x2  
  73  6:46  Roach  
  72  6:47  Roach  
  72  6:51  Roach  
  68  6:57  Roach  
  68  6:59  Drone  
  68  7:00  Drone  
  70  7:05  Queen x2  
  70  7:07  Drone  
  74  7:08  Drone  
  74  7:11  Drone  
  76  7:22  Extractor  
  75  7:26  Extractor  
  75  7:28  Drone  
  75  7:29  Drone x3  
  78  7:37  Overlord x2  
  78  7:38  Overlord  
  77  7:46  Roach x2  
  81  7:51  Overlord  
  81  7:52  Overlord  
  81  7:59  Ravager x3  
  81  8:00  Roach x2  
  81  8:04  Roach  
  90  8:07  Roach  
  92  8:19  Drone x5  
  97  8:22  Roach  
  99  8:43  Roach x5  
  99  8:48  Ravager x2  
  111  8:49  Roach  
  111  8:50  Roach  
  117  8:55  Roach  
  117  8:56  Roach  
  117  8:57  Overlord  
  117  9:02  Overlord  
  119  9:07  Lair  
  119  9:16  Roach x3  
  125  9:18  Ravager x3  
  128  9:26  Roach  
  124  9:38  Roach  
  124  9:39  Roach x3  
  124  9:43  Ravager x2  
  128  9:51  Roach  
  128  9:52  Roach x3  
  115  10:07  Zergling x16  
  115  10:13  Roach  
  107  10:20  Roach x2  
  92  10:30  Zergling x6  
  95  10:36  Zergling x2  
  95  10:40  Queen  
  95  10:41  Queen  
  99  10:46  Queen  
  98  10:56  Drone x3  
  100  11:04  Glial Reconstitution  
  100  11:12  Roach x5  
  109  11:20  Queen  
  111  11:28  Roach  
  111  11:29  Roach x4  
  121  11:39  Baneling Nest, Roach  
  126  11:40  Roach x2  
  126  11:43  Overlord  
  126  11:44  Overlord  
  126  11:50  Ravager  
  126  11:51  Ravager  
  126  11:52  Ravager  
  128  11:57  Ravager  
  129  12:06  Roach  
  129  12:07  Roach x6  
  143  12:16  Roach  
  143  12:17  Overlord  
  139  12:34  Zergling x22  
  142  12:45  Zergling x2  
  142  12:46  Zergling x4  
Show
View Real Time Build Order
Export as new Build Order

ButAlways Protoss 

Build Orders: 1 Gate Expand 

Get SALT Encoding   

  12  0:01  Probe  
  13  0:13  Probe  
  14  0:19  Pylon  
  14  0:25  Probe  
  15  0:33  Probe  
  15  0:38  Gateway  
  15  0:41  Probe  
  16  0:49  Assimilator  
  17  0:52  Probe  
  19  1:04  Probe  
  19  1:12  Pylon  
  19  1:16  Probe  
  20  1:27  Cybernetics Core  
  20  1:37  Nexus  
  20  1:45  Pylon  
  20  1:48  Probe  
  20  1:53  Adept  
  21  1:54  Assimilator  
  21  2:04  Probe  
  24  2:17  Robotics Facility  
  24  2:18  Probe  
  25  2:29  Warp Gate  
  25  2:30  Probe  
  26  2:38  Stalker  
  26  2:43  Probe  
  29  2:45  Probe  
  30  2:53  Probe, Warp Prism  
  30  2:55  Probe  
  33  3:08  Stalker  
  33  3:09  Probe  
  36  3:21  Gateway x2  
  36  3:26  Immortal  
  40  3:40  Gateway  
  40  3:44  Probe x2  
  42  3:50  Pylon  
  42  3:55  Gateway  
  42  4:00  Gateway  
  42  4:11  Gateway  
  42  4:12  Gateway  
  42  4:16  Zealot  
  44  4:22  Zealot x2  
  48  4:27  Pylon  
  48  4:35  Pylon  
  48  4:39  Zealot x2  
  48  4:43  Zealot  
  48  4:45  Zealot  
  54  4:56  Zealot x3  
  60  5:00  Stalker x2  
  60  5:03  Zealot  
  64  5:12  Zealot x3  
  64  5:13  Warp Prism  
  52  5:28  Zealot  
  52  5:29  Zealot x2  
  52  5:32  Zealot  
  60  5:36  Zealot  
  60  5:40  Stalker  
  62  5:44  Zealot  
  62  5:48  Zealot  
  62  6:02  Zealot x4  
  66  6:05  Probe x2  
  68  6:20  Zealot  
  68  6:25  Pylon  
  70  6:26  Pylon  
  70  6:31  Zealot x3  
  70  6:36  Stalker  
  64  6:42  Zealot x2  
  62  6:48  Immortal  
  62  6:52  Zealot x3  
  54  7:05  Probe  
  54  7:06  Probe  
  56  7:13  Probe  
  56  7:14  Immortal  
  56  7:19  Probe  
  56  7:22  Probe  
  63  7:34  Sentry  
  65  7:41  Zealot x5  
  75  7:45  Immortal, Pylon  
  75  7:48  Assimilator  
  79  8:06  Zealot  
  79  8:07  Zealot  
  79  8:11  Sentry  
  85  8:17  Observer  
  85  8:19  Zealot x3  
  91  8:23  Pylon  
  92  8:29  Zealot, Pylon  
  94  8:38  Pylon  
  94  8:41  Pylon  
  94  8:52  Sentry x2  
  94  8:53  Zealot x2  
  102  8:58  Stalker x2  
  102  9:02  Zealot  
  108  9:08  Pylon  
  108  9:15  Warp Prism  
  110  9:19  Sentry  
  110  9:23  Sentry  
  114  9:25  Zealot  
  114  9:26  Zealot  
  118  9:35  Sentry  
  118  9:36  Zealot x2  
  116  9:50  Sentry, Zealot x3  
  113  9:54  Zealot  
  105  10:03  Zealot x2  
  87  10:07  Zealot  
  87  10:11  Zealot  
  77  10:20  Zealot x2, Immortal  
  61  10:35  Sentry x3  
  65  10:40  Zealot  
  67  10:46  Immortal  
  67  10:50  Assimilator  
  71  11:05  Sentry, Zealot x2  
  77  11:21  Sentry  
  77  11:22  Sentry  
  77  11:23  Zealot x3  
  87  11:31  Pylon  
  87  11:36  Sentry  
  87  11:38  Zealot x2  
  93  11:42  Pylon  
  93  11:45  Sentry  
  95  11:50  Sentry  
  95  11:52  Zealot  
  99  11:55  Zealot  
  99  11:59  Sentry  
  103  12:04  Zealot  
  105  12:08  Zealot  
  105  12:09  Sentry  
  109  12:20  Zealot x2  
  109  12:22  Sentry  
  109  12:36  Zealot x3  
  109  12:37  Sentry x2  
Tags
 
Add a new tag
Caveats
  • Supply blocks, unpowered buildings, or Contaminate may cause inaccurate times.
  • Supply counts are checked every 10 seconds.